 Dungeon Sprint DCSS version 0.03.2.1-42-g860841ac0a (webtiles) character file.

Game seed: 9484240671939778381, levelgen mode: deterministic

212047827 esc the Centaur Arbalest (level 22, 233/233 HPs) Centaur Hunter. Began on Jan 25, 2021. Was an Initiate of Gozag Ym Sagoz. Escaped with the Orb ... and 17 runes! The game lasted 00:51:51 (8565 turns).

esc the Centaur Arbalest (Centaur Hunter)           Turns: 8565, Time: 00:51:52

Health: 233/233    AC: 50    Str: 37    XL:     22 ^: 18590
Magic:  53/53      EV: 30    Int:  8    God:    Gozag Ym Sagoz
Gold:   5159       SH:  0    Dex: 23    Spells: 75/75 levels left

rFire    . . .     Vision   +   v - +9 arbalest (freeze)
rCold    . . .     Gourm    +   (also wielding the above weapon)
rNeg     + + .     Faith    .   t - +10 storm dragon scales of the Kangaroo {rElec rC- rN++}
rPois    .         Spirit   .   z - +2 helmet {+Vis}
rElec    +         Reflect  .   E - +2 cloak {MR+}
rCorr    .         Harm     .   c - +2 pair of gloves {Dex+3}
MR       ++...     NoTele   +   (no barding)
Stlth    +++.......             b - amulet of the Ant {Gourm rElec rC+ Str+8 Int-5}
HPRegen  0.87/turn              a - ring of Robustness {AC+8 Str+5}
MPRegen  0.63/turn              k - ring "Zadyiz" {rElec Str+9 Int+5 +Vis}

@: very quick
A: large, hooves 3, deformed body, dopey 1, speed 2, tough skin 3
0: Orb of Zot
}: 17/17 runes: decaying, serpentine, barnacled, slimy, elven, silver, golden,
iron, obsidian, icy, bone, abyssal, glowing, magical, fiery, dark, gossamer
a: Potion Petition, Call Merchant, Bribe Branch, Renounce Religion


You escaped.
You worshipped Gozag Ym Sagoz.
Gozag Ym Sagoz was greatly pleased with you.
You were hungry.

You visited 1 branch You collected 56608 gold pieces.
You spent 8712 gold pieces at shops.
You paid 42737 gold pieces to Gozag.

Inventory:

Weapons
 v - a +9 arbalest of freezing (weapon)
Armour
 c - a +2 pair of gloves of dexterity (worn)
 t - the +10 storm dragon scales of the Kangaroo (worn) {rElec rC- rN++}
   (You bought it in a shop in the Dungeon)

   It makes you vulnerable to cold.
   It insulates you from electricity.
   It greatly protects you from negative energy.
 z - a +2 helmet of improved vision (worn)
 E - a +2 cloak of magic resistance (worn)
 H - +4 gold dragon scales
 J - a +6 plate armour of cold resistance
Jewellery
 a - the ring of Robustness (left hand) {AC+8 Str+5}
   (You took it off a vault warden in the Dungeon)

   [ring of strength]

   It affects your AC (+8).
   It affects your strength (+5).
 b - the amulet of the Ant (around neck) {Gourm rElec rC+ Str+8 Int-5}
   (You bought it in a shop in the Dungeon)

   [amulet of the gourmand]

   It allows you to eat raw meat even when not hungry.
   It affects your strength (+8).
   It affects your intelligence (-5).
   It protects you from cold.
   It insulates you from electricity.
 k - the ring "Zadyiz" (right hand) {rElec Str+9 Int+5 +Vis}
   (You bought it in a shop in the Dungeon)

   [ring of intelligence]

   It affects your strength (+9).
   It affects your intelligence (+5).
   It insulates you from electricity.
   It improves your vision.
 q - the cursed amulet of Vitality {Regen+ HP+15, (Curse: *Drain)}
   (You took it off a vampire knight in the Dungeon)

   [amulet of regeneration]

   It affects your health (+15).
   It increases your rate of regeneration.
   It has a curse placed upon it.
   { (Curse: *Drain)}
 x - an uncursed ring of slaying
Wands
 p - a wand of acid (9)
 A - a wand of polymorph (4)
 C - a wand of ensnaring (20)
 D - a wand of flame (3)
Scrolls
 j - 2 scrolls of blinking
 n - 5 scrolls of bless item
 o - 2 scrolls of amnesia
 w - 8 scrolls of fear
 K - a scroll of fog
 L - 2 scrolls of enchantment
Potions
 e - 6 potions of curing
 f - 27 potions of heal wounds
 g - 4 potions of haste
 h - 5 potions of magic
 i - 2 potions of berserk rage
 l - 8 potions of might
 m - 3 potions of invisibility
 r - 2 potions of brilliance
 u - 4 potions of agility
 B - 4 potions of mutation
 F - a potion of ambrosia
 G - 2 potions of cancellation
Comestibles
 d - 8 rations


   Skills:
 O Level 27 Fighting
 O Level 27 Crossbows
 O Level 27 Armour
 O Level 27 Dodging
 O Level 27 Stealth
   Level 10.0 Shields
 + Level 7.1 Unarmed Combat
 O Level 27 Spellcasting
 O Level 27 Evocations


You had 75 spell levels left.
You didn't know any spells.
Your spell library was empty.

Dungeon Overview and Level Annotations

Branches:
Dungeon (1/1)

Altars:
Cheibriados
Dithmenos
Elyvilon
Fedhas Madash
Gozag Ym Sagoz
Hepliaklqana
Kikubaaqudgha
Makhleb
Nemelex Xobeh
Okawaru
Qazlal
Ru
Sif Muna
Trog
Uskayaw
Vehumet
Wu Jian
Xom
Yredelemnul
Zin
The Shining One
Beogh
Jiyva
Lugonu

Shops:
D ((([([***(!=(**[([**(:[%%


Innate Abilities, Weirdness & Mutations

You have hooves in place of feet.
Armour fits poorly on your strangely shaped body.
You cover ground very quickly.
You have extremely tough skin. (AC +3)
You are dopey. (Int -2)


Message History

There is a stormy altar of Qazlal here.
There is an iron altar of Okawaru here.
There is a sparkling altar of Nemelex Xobeh here.
There is a burning altar of Makhleb here.
There is a corrupted altar of Lugonu here.
There is an ancient bone altar of Kikubaaqudgha here.
There is a ruined plinth here.
There is a hazy altar of Hepliaklqana here.
There is an opulent altar of Gozag here.
There is a blossoming altar of Fedhas here.
There is a white marble altar of Elyvilon here.
There is a shadowy altar of Dithmenos here.
There is a snail-covered altar of Cheibriados here.
There is a roughly hewn altar of Beogh here.
There is an open door to the Temple here.
There is an open door here.
You see here a +0 whip.
There is an open door to the Dungeon here.
There is a staircase leading out of the dungeon here.
You have escaped!

▓▓▓▓▓▓▓▓▓▓▓▓▓▓▓▓▓▓
.∩.▓...▓...▓...▓@▓
∩▓.▓.▓.▓.▓.▓.▓.▓.▓
∩▓.▓.▓.▓.▓.▓.▓.▓.▓
∩▓.▓.▓.▓.▓.▓.▓.▓.▓
.▓.▓.▓.▓.▓.▓.▓.▓'▓
.▓.▓.▓.▓.▓.▓.▓.▓)▓
.▓.▓.▓.▓.▓$▓.▓.▓.▓
.▓.▓.▓.▓.▓.▓'▓.▓.▓
.▓.▓.▓.▓.▓.▓.▓.▓.▓


There were no monsters in sight!

Vanquished Creatures
  Cerebov (D)
  Asmodeus (D)
  Antaeus (D)
  Gloorx Vloq (D)
  Ereshkigal (D)
  Lom Lobon (D)
  Mnoleg (D)
  8 ancient liches (D)
  Dispater (D)
  Mara (D)
  5 orbs of fire (D)
  4 greater mummies (D)
  Frederick (D)
  Boris (D)
  Margery (D)
  Saint Roka (D)
  A pandemonium lord (D)
  Geryon (D)
  3 golden dragons (D)
  Jory (D)
  A Tzitzimitl (D)
  A Brimstone Fiend (D)
  3 Hell Sentinels (D)
  3 electric golems (D)
  An Ice Fiend (D)
  3 liches (D)
  2 quicksilver dragons (D)
  3 Executioners (D)
  Frances (D)
  the Royal Jelly (D)
  Circe (D)
  14 acid blobs (D)
  4 storm dragons (D)
  7 shadow dragons (D)
  A draconian monk (D)
  12 sphinxes (D)
  3 plutonium crabs (D)
  A profane servitor (D)
  8 nagarajas (D)
  A bone dragon (D)
  Ilsuiw (D)
  2 cacodemons (D)
  3 vault wardens (D)
  2 frost giants (D)
  A deep elf sorcerer (D)
  Louise (D)
  A balrug (D)
  2 draconian shifters (D)
  A draconian stormcaller (D)
  5 ghost moths (D)
  2 fire giants (D)
  4 deep elf master archers (D)
  2 ironheart preservers (D)
  2 blood saints (D)
  28 Orb Guardians (D)
  A draconian annihilator (D)
  A pearl draconian (D)
  A deep elf blademaster (D)
  A reaper (D)
  2 golden draconians (D)
  A blue draconian (D)
  A white draconian (D)
  A black draconian (D)
  6 vampire knights (D)
  An entropy weaver (D)
  A blood draconian (D)
  A green death (D)
  A cyan draconian (D)
  A lime draconian (D)
  6 death cobs (D)
  Snorg (D)
  2 deep elf annihilators (D)
  2 deep elf demonologists (D)
  6 tentacled monstrosities (D)
  2 merfolk javelineers (D)
  2 spark wasps (D)
  3 fire dragons (D)
  A gibbering mound (D)
  A bone draconian (D)
  A chaos butterfly (D)
  2 deep elf death magi (D)
  5 ice dragons (D)
  4 mummy priests (D)
  Harold (D)
  4 emperor scorpions (D)
  2 deep elf high priests (D)
  A naga warrior (D)
  2 merfolk avatars (D)
  2 rakshasas (D)
  2 catoblepae (D)
  2 large abominations (D)
  A sphinx moth (D)
  A boulder beetle (D)
  2 very ugly things (D)
  6 merfolk aquamancers (D)
  6 stone giants (D)
  4 ettins (D)
  3 merfolk impalers (D)
  An alligator (D)
  5 ogre magi (D)
  A spriggan berserker (D)
  A naga sharpshooter (D)
  5 death oozes (D)
  A swooping magpie (D)
  4 yaktaur captains (D)
  An unseen horror (shapeshifter) (D)
  2 hell knights (D)
  2 swooping magpies (shapeshifter) (D)
  2 unseen horrors (D)
  2 tengu warriors (D)
  3 swamp dragons (D)
  25 vault guards (D)
  Nergalle (D)
  5 two-headed ogres (D)
  2 deep elf archers (D)
  A skeletal warrior (D)
  2 glowing orange brains (D)
  A harpy (D)
  An orc knight (D)
  2 ironbrand convokers (D)
  3 centaur warriors (D)
  2 shadow wraiths (D)
  10 hydras (D)
  2 balloon dogs (D)
  A flayed ghost (D)
  3 necromancers (D)
  A sixfirhy (D)
  2 sun demons (D)
  A rock worm (D)
  A gelid demonspawn (D)
  2 guardian serpents (D)
  13 spriggans (D)
  An infernal demonspawn (D)
  2 sea snakes (D)
  3 deep elf magi (D)
  5 death yaks (D)
  2 small abominations (D)
  4 naga magi (D)
  A merfolk siren (D)
  13 moths of wrath (D)
  A black mamba (D)
  2 vault sentinels (D)
  A hellion (D)
  2 spiny frogs (D)
  Maurice (D)
  A water nymph (shapeshifter) (D)
  2 starcursed masses (D)
  3 ugly things (D)
  3 smoke demons (D)
  4 hellwings (D)
  2 freezing wraiths (D)
  3 wolf spiders (D)
  A bog body (D)
  A snapping turtle (D)
  2 orange demons (D)
  3 yaktaurs (D)
  3 red devils (D)
  2 komodo dragons (D)
  A jumping spider (D)
  3 hornets (D)
  4 demonic crawlers (D)
  A wandering mushroom (D)
  2 merfolk (D)
  A blink frog (D)
  2 neqoxecs (D)
  A cyclops (D)
  A chaos elemental (D)
  A yak (D)
  A tarantella (D)
  A hungry ghost (D)
  4 hogs (D)
  A human (shapeshifter) (D)
  5 nagas (D)
  2 acid dragons (D)
  2 golden eyes (D)
  3 slime creatures (D)
  20 guardian mummies (D)
  2 redbacks (D)
  An insubstantial wisp (D)
  A phantom (D)
  17 orc warriors (D)
  A water moccasin (D)
  7 porcupines (D)
  2 floating eyes (D)
  An ice beast (D)
  A scorpion (shapeshifter) (D)
  2 swamp drakes (D)
  6 ogres (D)
  A boggart (D)
  A wolf (D)
  2 crocodiles (D)
  A bullfrog (D)
  A centaur (D)
  3 orc priests (D)
  3 orc wizards (D)
  An iguana (D)
  A giant cockroach (D)
  A shadow imp (D)
  A cinder newt (D)
  3 ball lightnings (D)
  2 leopard geckos (D)
  10 orcs (D)
  2 kobolds (D)
  A quokka (D)
  A bat skeleton (D)
  A rat (D)
  A spectral goblin (D)
  3 azure jellies (D)
  A princess slime (D)
578 creatures vanquished.

Vanquished Creatures (others)
  3 golden eyes (D)
  A giant blowfly (D)
4 creatures vanquished.

Grand Total: 582 creatures vanquished

Notes
Turn   | Place    | Note
-------+----------+-------------------------------------------
     0 | D        | esc the Centaur Hunter began the quest for the Orb.
     0 | D        | Reached XP level 1. HP: 17/17 MP: 1/1
     6 | D        | Reached skill level 5 in Crossbows
     6 | D        | Reached XP level 2. HP: 24/24 MP: 2/2
    26 | D        | Reached XP level 3. HP: 29/29 MP: 3/3
    94 | D        | Found a roughly hewn altar of Beogh.
    94 | D        | Found a snail-covered altar of Cheibriados.
    94 | D        | Found a shadowy altar of Dithmenos.
    94 | D        | Found a white marble altar of Elyvilon.
    94 | D        | Found a blossoming altar of Fedhas.
    94 | D        | Found an opulent altar of Gozag.
    95 | D        | Found a hazy altar of Hepliaklqana.
    96 | D        | Found a viscous altar of Jiyva.
    97 | D        | Found an ancient bone altar of Kikubaaqudgha.
    98 | D        | Found a corrupted altar of Lugonu.
    99 | D        | Found a burning altar of Makhleb.
   100 | D        | Found a sparkling altar of Nemelex Xobeh.
   101 | D        | Found an iron altar of Okawaru.
   102 | D        | Became a worshipper of Gozag Ym Sagoz the Greedy
   103 | D        | Found a stormy altar of Qazlal.
   104 | D        | Found a sacrificial altar of Ru.
   105 | D        | Found a shimmering blue altar of Sif Muna.
   106 | D        | Found a bloodstained altar of Trog.
   107 | D        | Found a hide-covered altar of Uskayaw.
   108 | D        | Found a radiant altar of Vehumet.
   109 | D        | Found an ornate altar of the Wu Jian Council.
   110 | D        | Found a shimmering altar of Xom.
   111 | D        | Found a basalt altar of Yredelemnul.
   112 | D        | Found a glowing silver altar of Zin.
   113 | D        | Found a glowing golden altar of the Shining One.
   156 | D        | Noticed a centaur
   156 | D        | Noticed an ice beast
   156 | D        | Noticed a phantom
   157 | D        | Reached XP level 4. HP: 36/36 MP: 4/4
   158 | D        | Killed a phantom
   158 | D        | Reached skill level 10 in Crossbows
   158 | D        | Reached XP level 5. HP: 47/47 MP: 5/5
   159 | D        | Reached skill level 5 in Fighting
   159 | D        | Killed an ice beast
   159 | D        | Reached XP level 6. HP: 58/58 MP: 6/6
   173 | D        | Noticed a white ugly thing
   173 | D        | Noticed a deep elf mage
   173 | D        | Noticed a centaur warrior
   173 | D        | Noticed a hungry ghost
   178 | D        | Killed a deep elf mage
   178 | D        | Reached XP level 7. HP: 69/69 MP: 7/7
   185 | D        | Killed an unseen horror
   185 | D        | Reached XP level 8. HP: 79/79 MP: 8/8
   188 | D        | Killed a centaur warrior
   188 | D        | Reached skill level 10 in Fighting
   196 | D        | Killed a white ugly thing
   196 | D        | Reached XP level 9. HP: 89/89 MP: 9/9
   348 | D        | Reached skill level 15 in Crossbows
   377 | D        | Noticed a spiny frog
   377 | D        | Noticed a four-headed hydra
   386 | D        | Killed a four-headed hydra
   386 | D        | Reached skill level 10 in Armour
   386 | D        | Reached XP level 10. HP: 78/100 MP: 10/10
   423 | D        | Noticed a swooping magpie
   432 | D        | Killed a swooping magpie
   562 | D        | Noticed a death yak
   562 | D        | Noticed a catoblepas
   562 | D        | Noticed a catoblepas
   562 | D        | Noticed a death yak
   562 | D        | Noticed a death yak
   577 | D        | Killed a death yak
   585 | D        | Killed a catoblepas
   609 | D        | Killed a catoblepas
   623 | D        | Killed a death yak
   624 | D        | Killed a death yak
   624 | D        | Reached XP level 11. HP: 111/111 MP: 11/11
   762 | D        | Noticed Harold
   781 | D        | Killed Harold
   781 | D        | Reached skill level 15 in Fighting
  1012 | D        | Found Ymolymnu's Book Emporium.
  1012 | D        | Noticed an ogre mage
  1012 | D        | Noticed a two-headed ogre
  1015 | D        | Killed a two-headed ogre
  1020 | D        | Killed an ogre mage
  1025 | D        | Noticed a two-headed ogre
  1026 | D        | Noticed a two-headed ogre
  1028 | D        | Killed a two-headed ogre
  1028 | D        | Killed a two-headed ogre
  1029 | D        | Found Wiasch's Armour Shoppe.
  1029 | D        | Noticed an ogre mage
  1032 | D        | Killed an ogre mage
  1038 | D        | Found Xaceesei's Food Emporium.
  1039 | D        | Noticed a two-headed ogre
  1041 | D        | Killed a two-headed ogre
  1044 | D        | Found Pomexkapyib's Food Shoppe.
  1048 | D        | Noticed a two-headed ogre
  1050 | D        | Killed a two-headed ogre
  1050 | D        | Reached XP level 12. HP: 122/124 MP: 12/12
  1055 | D        | Bought a +2 buckler of protection for 195 gold pieces
  1056 | D        | Noticed an ogre mage
  1059 | D        | Killed an ogre mage
  1248 | D        | Bought a scroll of enchantment for 112 gold pieces
  1248 | D        | Bought a scroll of bless item for 450 gold pieces
  1248 | D        | Bought a scroll of fear for 52 gold pieces
  1248 | D        | Bought a scroll of enchantment for 112 gold pieces
  1248 | D        | Noticed a boulder beetle
  1248 | D        | Noticed a fire dragon
  1249 | D        | Reached skill level 1 in Shields
  1260 | D        | Killed a boulder beetle
  1270 | D        | Killed a fire dragon
  1288 | D        | Noticed an ice dragon
  1290 | D        | Noticed an ice dragon
  1292 | D        | Noticed a stone giant
  1294 | D        | Killed an ice dragon
  1296 | D        | Killed an ice dragon
  1297 | D        | Killed a stone giant
  1297 | D        | Reached skill level 5 in Shields
  1383 | D        | Noticed a cyan very ugly thing
  1385 | D        | Noticed Nergalle
  1388 | D        | Killed Nergalle
  1391 | D        | Noticed a sphinx moth
  1396 | D        | Noticed Snorg
  1399 | D        | Killed Snorg
  1414 | D        | Noticed Maurice
  1417 | D        | Killed Maurice
  1442 | D        | Bought a glowing garnet ring for 195 gold pieces
  1442 | D        | Bought a scroll of enchantment for 292 gold pieces
  1444 | D        | Bought a glowing cloak for 277 gold pieces
  1461 | D        | Bought amethyst-encrusted storm dragon scales for 2805 gold
                  | pieces
  1461 | D        | Identified the cursed +10 storm dragon scales of the
                  | Kangaroo {rElec rC- rN++, (Curse: *Drain)} (You bought it
                  | in a shop in the Dungeon)
  1473 | D        | Noticed a nagaraja
  1480 | D        | Killed a nagaraja
  1480 | D        | Reached XP level 13. HP: 82/134 MP: 13/13
  1548 | D        | Noticed an entropy weaver
  1551 | D        | Killed an entropy weaver
  1609 | D        | Reached skill level 15 in Armour
  1683 | D        | Noticed Circe
  1757 | D        | Bought a scroll labeled VUDDOI UCIUXAA for 35 gold pieces
  1757 | D        | Bought a scroll of random uselessness for 35 gold pieces
  1789 | D        | Noticed Saint Roka
  1794 | D        | Killed Circe
  1806 | D        | Killed Saint Roka
  1891 | D        | Noticed Frances
  1903 | D        | Killed Frances
  1903 | D        | Reached skill level 10 in Shields
  1903 | D        | Reached XP level 14. HP: 88/147 MP: 14/14
  1981 | D        | Noticed a fire giant
  1989 | D        | Killed a fire giant
  2191 | D        | Noticed a frost giant
  2194 | D        | Noticed a fire giant
  2196 | D        | Killed a frost giant
  2199 | D        | Killed a fire giant
  2294 | D        | Noticed an ironheart preserver
  2297 | D        | Killed an ironheart preserver
  2317 | D        | Noticed a vault warden
  2320 | D        | Killed a vault warden
  2326 | D        | Noticed a vault warden
  2329 | D        | Killed a vault warden
  2413 | D        | Bought the amulet of the Ant {Gourm rElec rC+ Str+8 Int-5}
                  | for 802 gold pieces
  2413 | D        | Bought the ring "Zadyiz" {rElec Str+9 Int+5 +Vis} for 1096
                  | gold pieces
  2431 | D        | Bought a potion of curing for 72 gold pieces
  2431 | D        | Bought a scroll of fear for 84 gold pieces
  2431 | D        | Bought a scroll labeled ESHRIUC CIPYPH for 24 gold pieces
  2431 | D        | Bought a potion of agility for 96 gold pieces
  2519 | D        | Noticed Mara
  2522 | D        | Killed Mara
  2522 | D        | Reached XP level 15. HP: 162/162 MP: 15/15
  2677 | D        | Noticed Jory
  2689 | D        | Killed Jory
  2827 | D        | Noticed Margery
  2887 | D        | Got a decaying rune of Zot
  2923 | D        | Noticed Ilsuiw
  2928 | D        | Killed Ilsuiw
  2935 | D        | Reached skill level 27 in Crossbows
  2946 | D        | Got a barnacled rune of Zot
  2953 | D        | Noticed a nagaraja
  2954 | D        | Killed a nagaraja
  2954 | D        | Reached XP level 16. HP: 178/178 MP: 13/16
  2984 | D        | Got a serpentine rune of Zot
  3030 | D        | Got a gossamer rune of Zot
  3153 | D        | Identified the cursed ring of Qawk {+Inv MR+ AC+5 Str+3,
                  | (Curse: Fragile rC-)}
  3153 | D        | Noticed Boris
  3155 | D        | Killed Boris
  3156 | D        | Killed Margery
  3290 | D        | Reached skill level 27 in Fighting
  3361 | D        | Noticed a shadow dragon
  3365 | D        | Killed a shadow dragon
  3372 | D        | Reached XP level 17. HP: 191/191 MP: 17/17
  3383 | D        | Noticed a golden dragon
  3385 | D        | Killed a golden dragon
  3385 | D        | Reached skill level 5 in Dodging
  3393 | D        | Noticed a quicksilver dragon
  3395 | D        | Killed a quicksilver dragon
  3406 | D        | Got a silver rune of Zot
  3577 | D        | Noticed Frederick
  3581 | D        | Killed Frederick
  3658 | D        | Got the amulet "Necliar" {-Vis Regen+ MP+9 Dex+5}
  3661 | D        | Got the amulet of Lieruih {Faith -Vis Dex+5}
  3664 | D        | Got the ring "Wanwusep" {rElec EV+5}
  3768 | D        | Noticed Louise
  3769 | D        | Killed Louise
  3769 | D        | Reached skill level 10 in Dodging
  3820 | D        | Noticed a lich
  3822 | D        | Noticed an Ice Fiend
  3823 | D        | Killed a lich
  3882 | D        | Noticed an orb of fire
  3882 | D        | Noticed a quicksilver dragon
  3883 | D        | Killed a quicksilver dragon
  3883 | D        | Reached skill level 27 in Armour
  3887 | D        | Killed an orb of fire
  3896 | D        | Noticed a golden dragon
  3896 | D        | Noticed an orb of fire
  3898 | D        | Killed an orb of fire
  3898 | D        | Reached XP level 18. HP: 200/200 MP: 7/18
  3900 | D        | Killed a golden dragon
  4014 | D        | Gained mutation: You are dopey. (Int -2) [mutagenic glow]
  4144 | D        | Noticed a golden dragon
  4158 | D        | Killed a golden dragon
  4528 | D        | Noticed an ancient lich
  4534 | D        | Killed an ancient lich
  4534 | D        | Reached XP level 19. HP: 198/207 MP: 19/19
  4547 | D        | Noticed an orb of fire
  4552 | D        | Killed an orb of fire
  4655 | D        | Noticed an ancient lich
  4656 | D        | Noticed an orb of fire
  4658 | D        | Killed an ancient lich
  4658 | D        | Reached skill level 27 in Dodging
  4658 | D        | Reached skill level 10 in Evocations
  4660 | D        | Killed an orb of fire
  4664 | D        | Reached skill level 15 in Evocations
  4666 | D        | Noticed an orb of fire
  4668 | D        | Killed an orb of fire
  4678 | D        | Noticed an ancient lich
  4679 | D        | Noticed an ancient lich
  4681 | D        | Killed an ancient lich
  4683 | D        | Killed an ancient lich
  4757 | D        | Reached XP level 20. HP: 212/216 MP: 36/36
  4959 | D        | Noticed an ancient lich
  4979 | D        | Noticed an ancient lich
  4980 | D        | Noticed an ancient lich
  4991 | D        | Killed an ancient lich
  5002 | D        | Killed an ancient lich
  5002 | D        | Reached skill level 27 in Evocations
  5003 | D        | Reached skill level 5 in Spellcasting
  5019 | D        | Noticed an ancient lich
  5021 | D        | Killed an ancient lich
  5039 | D        | Killed an ancient lich
  5097 | D        | Reached skill level 15 in Spellcasting
  5125 | D        | Got an elven rune of Zot
  5148 | D        | Noticed the Royal Jelly
  5152 | D        | Killed the Royal Jelly
  5223 | D        | Got a slimy rune of Zot
  5445 | D        | Reached XP level 21. HP: 224/224 MP: 45/47
  5453 | D        | Identified the cursed ring "Elekar" {Fire rN+ Int+3 Slay+3,
                  | (Curse: *Slow Fragile)}
  5590 | D        | Noticed a greater mummy
  5590 | D        | Noticed a greater mummy
  5590 | D        | Noticed a greater mummy
  5593 | D        | Killed a greater mummy
  5593 | D        | Killed a greater mummy
  5593 | D        | Killed a greater mummy
  5594 | D        | Noticed a greater mummy
  5599 | D        | Killed a greater mummy
  5809 | D        | Got an abyssal rune of Zot
  5820 | D        | Reached skill level 27 in Spellcasting
  5848 | D        | Got a golden rune of Zot
  5996 | D        | Bought a scroll of fear for 157 gold pieces
  5996 | D        | Bought a scroll labeled VOLINIMIHI for 45 gold pieces
  5999 | D        | Bought a potion of cancellation for 96 gold pieces
  6003 | D        | Bought an ichor-stained plate armour for 1344 gold pieces
  6003 | D        | Identified the +0 plate armour of Wariness {+Inv MR+ Int+2
                  | Dex+2} (You bought it in a shop in the Dungeon)
  6111 | D        | Noticed Geryon
  6119 | D        | Killed Geryon
  6119 | D        | Reached skill level 5 in Stealth
  6126 | D        | Found the +4 staff of Dispater
  6126 | D        | Noticed Dispater
  6126 | D        | Found the +6 sword of Cerebov {molten}
  6126 | D        | Noticed Cerebov
  6126 | D        | Noticed Gloorx Vloq
  6145 | D        | Killed Cerebov
  6146 | D        | Killed Dispater
  6147 | D        | Killed Gloorx Vloq
  6355 | D        | Found the +7 sceptre of Asmodeus
  6355 | D        | Noticed Asmodeus
  6361 | D        | Killed Asmodeus
  6361 | D        | Reached XP level 22. HP: 208/233 MP: 53/53
  6370 | D        | Noticed Mnoleg
  6377 | D        | Killed Mnoleg
  6393 | D        | Noticed Antaeus
  6414 | D        | Identified the cursed ring of Coip {MP+9 Dex+3 Stlth-,
                  | (Curse: Fragile)}
  6414 | D        | Noticed Ereshkigal
  6420 | D        | Killed Antaeus
  6422 | D        | Killed Ereshkigal
  6435 | D        | Noticed Lom Lobon
  6441 | D        | Killed Lom Lobon
  6452 | D        | Got a magical rune of Zot
  6457 | D        | Got a bone rune of Zot
  6461 | D        | Got an icy rune of Zot
  6465 | D        | Got a glowing rune of Zot
  6469 | D        | Got an obsidian rune of Zot
  6473 | D        | Got a dark rune of Zot
  6477 | D        | Got a fiery rune of Zot
  6482 | D        | Got an iron rune of Zot
  6878 | D        | Bought a potion of agility for 48 gold pieces
  6878 | D        | Bought a potion of heal wounds for 60 gold pieces
  6878 | D        | Bought a potion of heal wounds for 60 gold pieces
  6878 | D        | Bought a potion of curing for 36 gold pieces
  6878 | D        | Bought a potion of curing for 36 gold pieces
  6878 | D        | Bought a potion of curing for 36 gold pieces
  6878 | D        | Bought a potion of heal wounds for 60 gold pieces
  6879 | D        | Got the Orb of Zot
  7076 | D        | Noticed Fedoecs the pandemonium lord
  7086 | D        | Killed Fedoecs the pandemonium lord
  8402 | D        | Reached skill level 27 in Stealth
  8436 | D        | Reached skill level 5 in Unarmed Combat
  8565 | D        | Escaped with the Orb!

Levels and vault maps discovered:
D:        linesprint [early_d, line_temple, items_1, d_10, items_2, lair_1,
          lair_end, items_3, orc_1, orc_end, items_4, d_15, swamp_1, shoals_1,
          snake_1, spider_1, d_20, vaults_1, items_5, swamp_end, shoals_end,
          snake_end, spider_end, vaults_end, d_27, items_6, zot_1, zot_end,
          crypt_end, forest_end, elf_end, slime_end, tomb_end, abyss_end,
          pan_hell_end]

Skill      XL: |  1  2  3  4  5  6  7  8  9 10 11 12 13 14 15 16 17 18 19 20 21 22 |
---------------+-------------------------------------------------------------------+-----
Crossbows      | 6 8 9 10 11 12 13 14 16 17 19 20 22 25 27 | 27.0
Fighting       | 4 6 8 9 11 12 14 16 18 19 22 25 27 | 27.0
Armour         | 3 4 6 7 8 10 11 13 14 15 18 20 24 27 | 27.0
Shields        | 6 10 | 10.0
Dodging        | 17 25 27 | 27.0
Evocations     | 24 27 | 27.0
Spellcasting   | 22 27 | 27.0
Stealth        | 18 27 | 27.0
Unarmed Combat | 7 |  7.1

Action                   |  1- 3 |  4- 6 |  7- 9 | 10-12 | 13-15 | 16-18 | 19-21 | 22-24 || total
-------------------------+-------+-------+-------+-------+-------+-------+-------+-------++-------
Melee: Unarmed           |     2 |       |       |     5 |       |       |       |       ||     7
       Kick              |       |       |       |     3 |       |       |       |       ||     3
 Fire: Hand crossbow     |    11 |     4 |    15 |   121 |   118 |       |       |       ||   269
       Arbalest          |       |       |       |       |    83 |   178 |   190 |   115 ||   566
Invok: Call Merchant     |       |       |       |     6 |     4 |       |    10 |     1 ||    21
Evoke: Wand              |       |       |     1 |       |     3 |       |       |       ||     4
  Use: Scroll            |     1 |       |       |     2 |    15 |     5 |     1 |     1 ||    25
       Potion            |       |       |       |       |     3 |     1 |     4 |     3 ||    11
  Eat: Ration            |       |       |       |     2 |       |     2 |     1 |       ||     5
Armor: Leather armour    |     5 |       |       |       |       |       |       |       ||     5
       Chain mail        |     1 |     2 |     2 |       |       |       |       |       ||     5
       Plate armour      |       |       |       |    24 |    50 |     2 |       |       ||    76
       Storm dragon scal |       |       |       |       |       |    42 |    28 |     7 ||    77
Dodge: Dodged            |     4 |       |       |     2 |     8 |    31 |    23 |    13 ||    81
Block: Buckler           |       |       |       |     1 |    14 |       |       |       ||    15
